 Dungeon Sprint DCSS version 0.31-a0-325-g067879e3d3 (webtiles) character file.

Game seed: 4636962416528924525

11160 dialectric the Ninja (level 11, 0/53 HPs)
             Began as a Spriggan Brigand on July 18, 2023.
             Was the Champion of Dithmenos.
             Slain by a gargoyle
             ... wielding a +0 flail
              (10 damage)
             ... in the Dungeon (Sprint I: "Red Sonja").
             The game lasted 00:06:54 (770 turns).

dialectric the Ninja (Spriggan Brigand)              Turns: 770, Time: 00:06:55

Health: 0/53       AC:  5    Str:  5    XL:     11   Next: 45%
Magic:  25/28      EV: 28    Int: 13    God:    Dithmenos [******]
Gold:   2109       SH:  0    Dex: 21    Spells: 30/34 levels left

rFire   . . .        n - +2 dagger (distort)
rCold   . . .        (no shield)
rNeg    . . .        b - +0 robe
rPois   .            q - +2 hat
rElec   .            c - +0 cloak
rCorr   .            (gloves unavailable)
SInv    +            (boots unavailable)
Will    +....        (no amulet)
Stlth   +++++++      (no ring)
HPRegen 0.28/turn    (no ring)
MPRegen 0.21/turn

%: no teleportation
@: confused, wreathed by umbra, very quick
A: very small, no large weapons, unfitting armour, see invisible, speed 3, weak
1
a: Renounce Religion, Shadow Step, Shadow Form


You were in the Dungeon.
You worshipped Dithmenos.
Dithmenos was exalted by your worship.
You visited 1 branch You collected 2289 gold pieces.
You spent 180 gold pieces at shops.

Inventory:

Hand Weapons
 a - a +2 dagger
 n - a +2 dagger of distortion (weapon)
Missiles
 d - 8 poisoned darts (quivered)
 g - 4 curare-tipped darts
Armour
 b - a +0 robe (worn)
 c - a +0 cloak (worn)
 q - a +2 hat (worn)
Wands
 e - a wand of iceblast (11)
Scrolls
 k - a scroll of blinking
 l - a scroll of identify {unknown}
 m - a scroll of amnesia {unknown}
 p - a scroll of immolation {unknown}
Potions
 f - 5 potions of curing
 h - a potion of haste
 i - 3 potions of magic
 j - a potion of berserk rage
 o - a potion of attraction {unknown}


   Skills:
 - Level 4.2 Fighting
 - Level 18.0 Short Blades
 - Level 2.7 Throwing
 - Level 12.0 Dodging
 O Level 27 Stealth
 * Level 12.0 Spellcasting
 * Level 1.6 Conjurations
 * Level 1.8 Fire Magic
 - Level 2.4 Invocations
 - Level 0.1 Evocations


You had 30 spell levels left.
You knew the following spells:

 Your Spells              Type           Power      Damage    Failure   Level
a - Sticky Flame          Conj/Fire      12%        2d4       41%         4

Your spell library contained the following spells:

 Spells                   Type           Power      Damage    Failure   Level
 Inner Flame              Hex/Fire       10%        N/A       19%         3
 Flame Wave               Conj/Fire      12%        2d6       41%         4


Dungeon Overview and Level Annotations

Branches:
Dungeon (1/1)

Altars:
Cheibriados
Dithmenos
Elyvilon
Fedhas
Gozag
Hepliaklqana
Kikubaaqudgha
Makhleb
Nemelex Xobeh
Okawaru
Qazlal
Ru
Sif Muna
Trog
Uskayaw
Vehumet
Wu Jian
Xom
Yredelemnul
Zin
The Shining One
Jiyva
Lugonu

Shops:
D [**::?[![[[*[?([(


Innate Abilities, Weirdness & Mutations

You are very small and have problems with some larger weapons.
You are too small for most types of armour.
You have supernaturally acute eyesight. (SInv)
You cover ground extremely quickly. (Speed+++)
You are weak. (Str -2)


Message History

Fire/throw/use which item? ([*] to toss any item) (? for menu, Esc to quit)
That's the wrong kind of item! (Use * to select it.) Fire/throw/use which item? ([*] to toss any item) (? for menu, Esc to quit)
Okay, then.
Unknown command.
Search for what [Enter for "clo", or ? for help]? ring
There is an open door here.
You see here a lindwurm skeleton.
There is an open door here.
You open the door.
A gargoyle comes into view. It is wielding a +0 flail.
Aiming: Shadow Step
Press: ? - help, Dir - move target, f - gargoyle
Aim: a gargoyle, wielding a +0 flail (noxious fumes, dormant, umbra) Really shadow step into a travel-excluded area?
Really shadow step into that cloud of noxious fumes?
You step into the gargoyle's shadow.
You are engulfed in noxious fumes.
You choke on the stench!
You are confused.
You are engulfed in noxious fumes.
You choke on the stench!
You are more confused.
Unknown command.
You are engulfed in noxious fumes.
You choke on the stench!
You are more confused.
The gargoyle hurls a stone arrow at you.
The stone arrow misses you.
You are engulfed in noxious fumes.
You bump into the stone wall.
You are engulfed in noxious fumes.
You choke on the stench!
You are more confused.
The gargoyle hurls a stone arrow at you.
The stone arrow misses you.
You are engulfed in noxious fumes.
The gargoyle hurls a stone arrow at you.
The stone arrow hits you!!
* * * LOW HITPOINT WARNING * * *
You are engulfed in noxious fumes.
You choke on the stench!
You are more confused.
You are engulfed in noxious fumes.
The gargoyle hits you with a +0 flail!
You die...

#################################
)'..#__#..'..)#..#§§§§§§§§§†§'†.#
.#..'..'..#...##'#§####.§..§##..'
###'#__####)..'..#.# ##..§######
..#.####§.#####..§.# ###+#
.##.#§§§§)#§.##'####
'#_.§~§~§.'..#.°.°°#
..._#§~§§)#..#°°°9.+
_.#'##+#####'###@○.#
#'#.#[..[###.'.#..○#
#.####'###.###.#..##
...'..†..'.∩##.#..#
...###########.##+#
#.###.......##§# #'#.#........§.#
....#'''######§# .[).#........#§#


You could see a gargoyle.

Vanquished Creatures
  A hydra (D)
  2 centaur warriors (D)
  4 demonic crawlers (D)
  Sonja (D)
  A lindwurm (D)
  A deep troll (D)
  An oklob plant (D)
  A shining eye (D)
  2 unseen horrors (D)
  2 kobold demonologists (D)
  A hornet (D)
  Sigmund (D)
  A slime creature (D)
  A yak (D)
  13 hogs (D)
  2 redbacks (D)
  4 floating eyes (D)
  An ogre (D)
  5 necrophages (D)
  8 jellies (D)
  Ijyb (D)
  A ballistomycete spore (D)
55 creatures vanquished.

Vanquished Creatures (others)
  A ballistomycete spore (D)
1 creature vanquished.

Grand Total: 56 creatures vanquished

Notes
Turn   | Place    | Note
-------+----------+-------------------------------------------
     0 | D        | dialectric the Spriggan Brigand began the quest for the
                  | Orb.
     0 | D        | Reached XP level 1. HP: 10/10 MP: 2/2
     2 | D        | Noticed Ijyb
    19 | D        | Killed Ijyb
    20 | D        | Reached skill level 9 in Stealth
    20 | D        | Reached XP level 2. HP: 15/15 MP: 3/3
    25 | D        | Noticed an ogre
    27 | D        | Killed an ogre
    28 | D        | Reached skill level 12 in Stealth
    28 | D        | Reached XP level 3. HP: 19/19 MP: 4/4
    28 | D        | Reached XP level 4. HP: 23/23 MP: 5/5
    39 | D        | Noticed Sigmund
    41 | D        | Killed Sigmund
    42 | D        | Reached skill level 5 in Short Blades
    42 | D        | Reached skill level 16 in Stealth
    42 | D        | Reached XP level 5. HP: 29/29 MP: 6/6
    42 | D        | Reached XP level 6. HP: 33/33 MP: 7/7
    54 | D        | Found a burning altar of Makhleb.
    54 | D        | Found a shimmering altar of Xom.
    54 | D        | Noticed a slime creature
    55 | D        | Found a viscous altar of Jiyva.
    55 | D        | Found a corrupted altar of Lugonu.
    57 | D        | Killed a slime creature
    58 | D        | Reached skill level 18 in Stealth
    61 | D        | Found a shimmering blue altar of Sif Muna.
    62 | D        | Found an ornate altar of the Wu Jian Council.
    63 | D        | Found a radiant altar of Vehumet.
   103 | D        | Learned a level 4 spell: Sticky Flame
   104 | D        | Found Ipleisk's General Store.
   104 | D        | Found an ancient bone altar of Kikubaaqudgha.
   104 | D        | Found a hazy altar of Hepliaklqana.
   104 | D        | Found a hide-covered altar of Uskayaw.
   104 | D        | Found a basalt altar of Yredelemnul.
   104 | D        | Found an opulent altar of Gozag.
   104 | D        | Found a snail-covered altar of Cheibriados.
   104 | D        | Found a sacrificial altar of Ru.
   104 | D        | Found a shadowy altar of Dithmenos.
   104 | D        | Noticed a yak
   105 | D        | Found a stormy altar of Qazlal.
   105 | D        | Found a blossoming altar of Fedhas.
   105 | D        | Found a bloodstained altar of Trog.
   105 | D        | Found an iron altar of Okawaru.
   105 | D        | Found a glowing golden altar of the Shining One.
   105 | D        | Found a glowing silver altar of Zin.
   105 | D        | Found a white marble altar of Elyvilon.
   106 | D        | Killed a yak
   107 | D        | Reached skill level 20 in Stealth
   107 | D        | Reached XP level 7. HP: 37/37 MP: 8/8
   107 | D        | Found a sparkling altar of Nemelex Xobeh.
   113 | D        | Became a worshipper of Dithmenos the Shadowed
   142 | D        | Noticed a kobold demonologist
   143 | D        | Noticed a kobold demonologist
   146 | D        | Reached skill level 5 in Dodging
   146 | D        | Killed a kobold demonologist
   147 | D        | Reached skill level 22 in Stealth
   148 | D        | Killed a kobold demonologist
   148 | D        | Reached * piety under Dithmenos
   149 | D        | Reached skill level 23 in Stealth
   149 | D        | Reached XP level 8. HP: 42/42 MP: 9/9
   151 | D        | Noticed a demonic crawler
   151 | D        | Noticed a demonic crawler
   151 | D        | Noticed a demonic crawler
   151 | D        | Noticed a demonic crawler
   153 | D        | Killed a demonic crawler
   154 | D        | Reached skill level 25 in Stealth
   154 | D        | Killed a demonic crawler
   154 | D        | Reached ** piety under Dithmenos
   155 | D        | Reached skill level 26 in Stealth
   155 | D        | Reached XP level 9. HP: 45/45 MP: 10/10
   156 | D        | Killed a demonic crawler
   157 | D        | Reached skill level 10 in Short Blades
   157 | D        | Reached skill level 27 in Stealth
   157 | D        | Killed a demonic crawler
   173 | D        | Noticed a lindwurm
   177 | D        | Killed a lindwurm
   178 | D        | Reached XP level 10. HP: 50/50 MP: 11/11
   208 | D        | Noticed Sonja
   212 | D        | Killed Sonja
   212 | D        | Reached *** piety under Dithmenos
   213 | D        | Reached skill level 10 in Dodging
   225 | D        | Noticed a deep troll
   229 | D        | Killed a deep troll
   241 | D        | Found Naump's Armour Emporium.
   267 | D        | Found Tibigyarr's Antique Armour Boutique.
   324 | D        | Noticed a shining eye
   324 | D        | Noticed a shining eye
   324 | D        | Noticed a shining eye
   325 | D        | Noticed a shining eye
   325 | D        | Noticed a shining eye
   325 | D        | Noticed a shining eye
   326 | D        | Noticed a shining eye
   326 | D        | Noticed a shining eye
   327 | D        | Killed a shining eye
   328 | D        | Reached skill level 15 in Short Blades
   330 | D        | Gained mutation: You are weak. (Str -2) [a shining eye]
   332 | D        | Paralysed by a floating eye for 4 turns
   350 | D        | Noticed a centaur warrior
   351 | D        | Noticed a centaur warrior
   352 | D        | Killed a centaur warrior
   353 | D        | Reached skill level 1 in Invocations
   354 | D        | Killed a centaur warrior
   364 | D        | Reached **** piety under Dithmenos
   375 | D        | Noticed an oklob plant
   377 | D        | Killed an oklob plant
   396 | D        | Reached skill level 5 in Spellcasting
   424 | D        | Reached ***** piety under Dithmenos
   434 | D        | Reached XP level 11. HP: 29/53 MP: 9/22
   605 | D        | Reached ****** piety under Dithmenos
   619 | D        | Found Qoqast's Book Shoppe.
   619 | D        | Found Kogg's Assorted Antiques.
   619 | D        | Found Geicliso's Book Boutique.
   621 | D        | Found Qonko's Magic Scroll Emporium.
   621 | D        | Found Atoloajudd's Antique Armour Shop.
   621 | D        | Found Jeup's Distillery.
   621 | D        | Found Hogry's Antique Armour Boutique.
   621 | D        | Found Seul's Armour Emporium.
   621 | D        | Found Nesteur's Armour Shop.
   621 | D        | Found Vopug's Assorted Antiques.
   623 | D        | Found Qasuqirph's Armour Boutique.
   624 | D        | Found Tuaf's Weapon Emporium.
   624 | D        | Found Lubeasa's Magic Scroll Boutique.
   625 | D        | Found Vuaregad's Antique Weapon Emporium.
   626 | D        | Bought a potion of curing for 33 gold pieces
   627 | D        | Bought a glowing hat for 147 gold pieces
   708 | D        | Reached skill level 10 in Spellcasting
   720 | D        | Noticed a 12-headed hydra
   722 | D        | Killed a 12-headed hydra
   723 | D        | Reached skill level 1 in Conjurations
   723 | D        | Reached skill level 1 in Fire Magic
   770 | D        | Slain by a gargoyle

Illustrated notes

Levels and vault maps discovered:
D:        dungeon_sprint_1 [red_sonja_temple_1, red_sonja_temple_small_1]

Skill      XL: |  1  2  3  4  5  6  7  8  9 10 11 |
---------------+----------------------------------+-----
Fighting       | 2 3 4 |  4.2
Short Blades   | 3 4 5 6 7 8 12 16 18 | 18.0
Dodging        | 2 3 4 5 6 9 12 | 12.0
Stealth        | 9 12 16 20 23 26 27 | 27.0
Invocations    | 2 |  2.4
Spellcasting   | 6 12 | 12.0
Conjurations   | 1 |  1.6
Fire Magic     | 1 |  1.8
Throwing       | |  2.7
Evocations     | |  0.1

Action                     |  1- 3 |  4- 6 |  7- 9 | 10-12 || total
---------------------------+-------+-------+-------+-------++-------
  Melee: Dagger            |    13 |     3 |     8 |    52 ||    76
  Throw: Dart              |     3 |       |       |    11 ||    14
 Invoke: Shadow Step       |       |       |       |     5 ||     5
  Evoke: Wand              |       |     2 |       |       ||     2
    Use: Potion            |     1 |       |       |     1 ||     2
   Stab: Sleeping          |     2 |     3 |     8 |    38 ||    51
 Armour: Robe              |     1 |     1 |       |     2 ||     4
  Dodge: Dodged            |     9 |       |       |     7 ||    16

Table legend: (Time is in decaauts)
 A = Elapsed time spent in this place.
 B = Non-inter-level travel time spent in this place.
 C = Inter-level travel time spent in this place.
 D = Time resting spent in this place.
 E = Time spent auto-exploring this place.
 F = Levels seen in this place.
 G = Mean time per level.
                   A        B        C        D        E       F      G
               +--------+--------+--------+--------+--------+-----+--------+
         Total |    553 |    525 |     28 |     72 |     14 |   1 |  553.0 |
       Dungeon |    553 |    525 |     28 |     72 |     14 |   1 |  553.0 |
               +--------+--------+--------+--------+--------+-----+--------+

Top non-repeatable levels by time:
       D: 553 daAuts
